 Dungeon Crawl Stone Soup version 0.22.1-6-g1668fe2c40 (webtiles) character file.

205 NoAnimeNoLife the Cudgeler (level 5, -1/41 HPs)
             Began as a Demonspawn Fighter on Jan 20, 2019.
             Slain by a sky beast (5 damage)
             ... on level 2 of the Dungeon.
             The game lasted 00:02:27 (1261 turns).

NoAnimeNoLife the Cudgeler (Demonspawn Fighter)     Turns: 1261, Time: 00:02:30

Health: -1/41      AC:  6    Str: 16 (17) XL:     5   Next: 53%
Magic:  0/5        EV:  7    Int:  8 (9)  God:
Gold:   120        SH:  8    Dex: 10 (13) Spells: 4/4 levels left

rFire    . . .     SeeInvis .   a - +0 flail
rCold    . . .     Gourm    .   c - +0 shield
rNeg     . . .     Faith    .   b - +0 scale mail
rPois    .         Spirit   +   (no helmet)
rElec    .         Reflect  .   d - scarf {cloud immunity}
rCorr    +         Harm     .   (no gloves)
MR       .....                  (no boots)
Stlth    +.........             i - amulet of guardian spirit (curse)
HPRegen  0.13/turn              m - ring of resist corrosion
MPRegen  0.09/turn              (no ring)

@: no status effects
A: nightstalker 1
a: no special abilities


You were on level 2 of the Dungeon.
You were not hungry.

You visited 1 branch of the dungeon, and saw 2 of its levels.

You collected 120 gold pieces.

Inventory:

Hand Weapons
 a - a +0 flail (weapon)
Armour
 b - a +0 scale mail (worn)
 c - a +0 shield (worn)
 d - a scarf of cloud immunity (worn)
Jewellery
 i - a cursed amulet of guardian spirit (around neck)
 m - a ring of resist corrosion (left hand)
Scrolls
 j - a scroll of blinking {unknown}
 k - 2 scrolls of enchant armour {unknown}
 l - 4 scrolls of teleportation {unknown}
 n - a scroll of remove curse {unknown}
Potions
 g - 2 potions of curing
 h - a potion of agility {unknown}
 o - a potion of ambrosia {unknown}
Comestibles
 f - a ration
 p - a chunk of flesh


   Skills:
 - Level 3.3 Fighting
 * Level 4.1 Maces & Flails
 - Level 3.4 Armour
 + Level 1.0 Dodging
 - Level 3.2 Shields


You had 4 spell levels left.
You didn't know any spells.
Your spell library contained the following spells:

 Spells                   Type           Power        Failure   Level  Hunger
 Infusion                 Chrm           #...         100%        1    ##.....
 Shroud of Golubria       Chrm/Tloc      #.........   100%        2    ###....
 Song of Slaying          Chrm           #.......     100%        2    ###....
 Regeneration             Chrm/Necr      #.........   100%        3    ####...
 Spectral Weapon          Hex/Chrm       #.......     100%        3    ####...


Dungeon Overview and Level Annotations

Branches:
Dungeon (2/15)

Altars:


Innate Abilities, Weirdness & Mutations

You are slightly more attuned to the shadows.


Message History

The sky beast shocks you.
You hit the sky beast.
The sky beast is heavily wounded.
The sky beast hits you. The sky beast shocks you.
You closely miss the sky beast.
The sky beast is heavily wounded.
The sky beast hits you. The sky beast shocks you.
You sock the sky beast!
The sky beast is severely wounded.
The sky beast hits you.
* * * LOW HITPOINT WARNING * * *
The sky beast shocks you.
* * * LOW HITPOINT WARNING * * *
It was a potion of degeneration.
There was something very wrong with that liquid.
You feel weakened.
You feel dopey.
You feel clumsy. The sky beast hits you.
* * * LOW HITPOINT WARNING * * *
The sky beast shocks you.
You die...

#.......##........
##########........
#...........
#...........
#####...>....
..............
....###.####.# ...
#.### #. #@.?# #
#....Y#.#
##.##.#.# .. #.# .
## #.# ## #.# ..#


You could see a sky beast.

Vanquished Creatures
  Sigmund (D:2)
  An adder (D:2)
  A shadow imp (D:2)
  2 ball pythons
  4 bats
  5 goblins
  A quokka (D:2)
  A frilled lizard (D:1)
  4 kobolds
  3 rats
23 creatures vanquished.

Notes
Turn   | Place    | Note
-------+----------+-------------------------------------------
     0 | D:1      | NoAnimeNoLife the Demonspawn Fighter began the quest for
                  | the Orb.
     0 | D:1      | Reached XP level 1. HP: 18/18 MP: 1/1
    66 | D:1      | Reached skill level 2 in Maces & Flails
   234 | D:1      | Gained mutation: You are slightly more attuned to the
                  | shadows. [demonic ancestry]
   234 | D:1      | Reached XP level 2. HP: 17/24 MP: 2/2
   656 | D:2      | Noticed Sigmund
   683 | D:2      | Killed Sigmund
   683 | D:2      | Reached skill level 3 in Maces & Flails
   683 | D:2      | Reached XP level 3. HP: 19/29 MP: 1/3
   683 | D:2      | Reached XP level 4. HP: 23/35 MP: 1/4
   683 | D:2      | Reached XP level 5. HP: 27/41 MP: 1/5
   732 | D:2      | Reached skill level 4 in Maces & Flails
  1248 | D:2      | Noticed a sky beast
  1250 | D:2      | Reached skill level 1 in Dodging
  1261 | D:2      | Slain by a sky beast

Skill      XL: |  1  2  3  4  5 |
---------------+----------------+-----
Maces & Flails | 2 3 4 |  4.1
Armour         | 3 |  3.4
Shields        | 3 |  3.2
Dodging        | 1 |  1.0
Fighting       | |  3.3

Action                   |  1- 3 |  4- 6 || total
-------------------------+-------+-------++-------
Melee: Flail             |    52 |    53 ||   105
  Use: Potion            |     1 |     2 ||     3
  Eat: Chunk             |       |     1 ||     1
Armor: Scale mail        |    34 |    32 ||    66
Dodge: Dodged            |    17 |    18 ||    35
Block: Shield            |    33 |    32 ||    65
